cohdb
Replays
Latest Replays
All Replays
Popular Replays
Top Player Replays
Match Explorer
How It Works
Community
CoH3 Stats
Reddit
Sign in to upload your games and track your stats! →
Sign in with Steam
Match 42568505
Unlisted
Match 42568505
Overview
Messages
Build Orders
End
Kettenkrad Recon Vehicle
Construct Infanterie Kompanie
MG 42 Machine Gun Team
MG 42 Machine Gun Team
Selects Terror Battlegroup
Selects Machine Gun Camouflage
GrW 34 Mortar Team
Construct Panzergrenadier Kompanie
Panzergrenadier Squad
Medical Station
Pak 40 Anti-tank Gun Team
Selects Interrogate
Panzergrenadier Squad
Support Elements
Nebelwerfer 42 Rocket Launcher Team
Construct Panzer Kompanie
Panzer IV Medium Tank
Sturmpanzer IV Brummbär
Side Skirts
Selects No Quarter
Pioneer Squad
Selects King Tiger Heavy Tank
Stoßtruppen Squad
King Tiger Heavy Tank
Panzer Officer Quarters
Selects Jericho Trumpet
Jericho Trumpet
Zapotekki
Mylly
Hullu Kenraali
Tok3n x Operator
BruinTzar
leon_65
0
0
Comments
sign in to comment!
No comments posted yet!